 Dungeon Crawl Stone Soup version 0.16.1-14-g82efdee (webtiles) character file.

637 hulla the Changer (level 7, 0/43 HPs)
             Began as an Octopode Transmuter on Apr 12, 2015.
             Slain by an orc priest
             ... wielding a +0 club
              (2 damage)
             ... on level 4 of the Dungeon.
             The game lasted 00:19:02 (4962 turns).

hulla the Changer (Octopode Transmuter)             Turns: 4962, Time: 00:19:02

Health: 0/43       AC:  2    Str:  6    XL:     7   Next: 50%
Magic:  7/12       EV: 23    Int: 17    God:
Gold:   208        SH:  0    Dex: 17    Spells: 4 memorised, 0 levels left

rFire  + . .     SeeInvis .       - Unarmed
rCold  . . .     Clarity  .     (shield currently unavailable)
rNeg   . . .     SustAb   .     (helmet currently unavailable)
rPois  x         Gourm    +     k - amulet of the gourmand
rElec  .         Spirit   .     (no ring)
rCorr  .         Warding  .     i - ring of wizardry
rMut   .         Stasis   .     x - ring of protection from fire
MR     .....                    (no ring)
Stlth  ++........               (no ring)
                                (no ring)
                                (no ring)
                                (no ring)

@: spider-form (expiring), very slightly contaminated, not resistant to hostile
enchantments, unstealthy
A: almost no armour, amphibious, 8 rings, (constrict 8), (camouflage 0),
(electricity resistance), spit poison 1, weak 2, (gelatinous body 0)
a: Spit Poison, End Transformation


You were on level 4 of the Dungeon.
You were hungry.
You were a venomous arachnid creature.
You visited 1 branch of the dungeon, and saw 4 of its levels.

You collected 208 gold pieces.

Inventory:

Missiles
 b - 111 arrows
 e - 18 stones (quivered)
Jewellery
 c - an uncursed ring of fire
 i - a ring of wizardry (right front leg)
 k - an amulet of the gourmand (around neck)
 x - a ring of protection from fire (on tentacle)
Scrolls
 h - 2 scrolls of remove curse
 m - a scroll of enchant weapon {unknown}
 o - 2 scrolls of identify
 t - a scroll of recharging {unknown}
 v - a scroll of magic mapping {unknown}
 w - a scroll of amnesia {unknown}
Potions
 q - 2 potions of curing
 r - a potion of mutation
Books
 d - a book of Changes

   Spells                             Type                      Level
   a - Beastly Appendage              Transmutation                1
   b - Sticks to Snakes               Transmutation                2
   c - Spider Form                    Transmutation/Poison         3
   d - Ice Form                       Ice/Transmutation            4
   e - Blade Hands                    Transmutation                5
Comestibles
 a - 3 bread rations
 f - a royal jelly
 g - 2 slices of pizza
 j - a fruit
 l - 9 chunks of flesh
 p - 2 meat rations


   Skills:
 - Level 1.0 Fighting
 + Level 4.7 Dodging
 - Level 3.0 Unarmed Combat
 - Level 2.0 Spellcasting
 + Level 6.2 Transmutations
 - Level 3.0 Poison Magic


You couldn't memorise any spells.
You knew the following spells:

 Your Spells              Type           Power        Failure   Level  Hunger
a - Beastly Appendage     Trmt           ###...       2%          1    #......
b - Spider Form           Trmt/Pois      ###.......   10%         3    ###....
c - Sticks to Snakes      Trmt           ###.......   4%          2    ###....
d - Ice Form              Ice/Trmt       ##......     45%         4    #####..


Dungeon Overview and Level Annotations

Branches:
Dungeon (4/15)
 Temple: D:4-7

Altars:
Nemelex Xobeh
Ru
Xom
Zin

Annotations:
D:4 Sigmund


Innate Abilities, Weirdness & Mutations

You cannot wear most types of armour.
You are amphibious.
You can wear up to eight rings at the same time.
((You can use your tentacles to constrict many enemies at once.))
((Your skin changes colour to match your surroundings (Stealth).))
((Your rubbery body absorbs attacks (AC +1).))
((You are resistant to electric shocks.))
You can spit poison.
You are very weak. (Str -4)


Message History

The orc priest is lightly wounded.
Drink which item? (? for menu, Esc to quit)
Okay, then.
Read which item? (? for menu, Esc to quit)
Okay, then.
You hit the orc priest but do no damage.
The orc priest is moderately wounded.
The orc priest mumbles some strange prayers to Beogh against you.
Pain shoots through your body!
* * * LOW HITPOINT WARNING * * *
Unknown command.
You hit the orc priest but do no damage.
The orc priest is heavily wounded.
The orc priest barely misses you. The orc priest hits you with a club.
* * * LOW HITPOINT WARNING * * *
You hit the orc priest but do no damage.
The orc priest is heavily wounded.
Your transformation is almost over.
The orc priest barely misses you. The orc priest hits you with a club.
You die...

#.#...# ########'''###
##...# ########...###
#.K## ##§§§..#...#.§
#.%.# ##§§§§§#.⌠.#§§
........#o##
##.§§.§#...#§§
....####..#
#§§§§§#...#§§ ... ##.#
#####§§.§.#...#§. ..
#o## ##..########...###
#..####so##⌠......._....
#....##o## #######...###
#.....)o# ##§..##...#§§
#....#### #§§§§.#...#§§
#....#######§§§§.#...#§§
#.........##§§§§.#.⌠.#§§
#########.###§..##...#.§
#.########...###
#.########'''###


You could see 2 orc priests and an orc.

Vanquished Creatures
  Eustachio (D:4)
  A giant frog (D:4)
  A scorpion (D:4)
  A hound (D:3)
  Crazy Yiuf (D:2)
  An orc wizard (D:4)
  3 worker ants
  Jessica (D:3)
  Robin (D:3)
  4 gnolls (D:3)
  4 adders
  A giant mite (D:3)
  A worm (D:4)
  An adder skeleton (D:4)
  An ooze (D:3)
  11 orcs
  9 bats
  A bat skeleton (D:4)
  7 giant cockroaches
  12 hobgoblins
  11 kobolds
  3 giant newts
  18 goblins
  12 rats
107 creatures vanquished.

Notes
Turn   | Place    | Note
--------------------------------------------------------------
     0 | D:1      | hulla, the Octopode Transmuter, began the quest for the Orb.
     0 | D:1      | Reached XP level 1. HP: 13/13 MP: 3/3
   500 | D:1      | Reached XP level 2. HP: 15/18 MP: 2/4
  1172 | D:2      | Reached XP level 3. HP: 20/23 MP: 4/6
  1177 | D:2      | Learned a level 3 spell: Spider Form
  1180 | D:2      | Learned a level 2 spell: Sticks to Snakes
  1712 | D:2      | Reached skill level 1 in Poison Magic
  1798 | D:2      | Noticed Crazy Yiuf
  1807 | D:2      | Killed Crazy Yiuf
  1807 | D:2      | Reached skill level 4 in Transmutations
  1807 | D:2      | Reached XP level 4. HP: 3/28 MP: 1/7
  1910 | D:3      | Found a shimmering altar of Xom.
  2068 | D:3      | Noticed Jessica
  2083 | D:3      | Killed Jessica
  2083 | D:3      | Reached XP level 5. HP: 18/33 MP: 6/9
  2199 | D:3      | Noticed Robin
  2252 | D:3      | Killed Robin
  3091 | D:3      | Found a glowing silver altar of Zin.
  3091 | D:3      | Noticed an angel
  3521 | D:4      | Reached XP level 6. HP: 18/38 MP: 8/10
  3791 | D:4      | Reached skill level 5 in Transmutations
  4164 | D:4      | Found a sacrificial altar of Ru.
  4303 | D:3      | Gained mutation: You are weak. (Str -2) [potion of mutation]
  4303 | D:3      | Gained mutation: You can spit poison. [potion of mutation]
  4303 | D:3      | Gained mutation: You are very weak. (Str -4) [potion of mutation]
  4304 | D:3      | Gained mutation: You are resistant to electric shocks. [potion of beneficial mutation]
  4537 | D:4      | Noticed Eustachio
  4555 | D:4      | Killed Eustachio
  4555 | D:4      | Reached XP level 7. HP: 30/43 MP: 10/12
  4575 | D:4      | Learned a level 4 spell: Ice Form
  4765 | D:4      | Reached skill level 6 in Transmutations
  4806 | D:4      | Found a sparkling altar of Nemelex Xobeh.
  4869 | D:4      | Noticed Sigmund
  4961 | D:4      | HP: 2/43 [orc priest/club (2)]
  4962 | D:4      | Slain by an orc priest

Action                   |  1- 3 |  4- 6 |  7- 9 || total
-------------------------+-------+-------+-------++-------
Melee: Unarmed           |    85 |   174 |    43 ||   302
Throw: Stone             |       |     3 |     4 ||     7
 Cast: Beastly Appendage |     6 |     5 |     2 ||    13
       Spider Form       |     3 |    14 |     6 ||    23
 Abil: End Transformatio |       |     1 |       ||     1
  Use: Scroll            |     3 |     1 |       ||     4
       Potion            |     1 |     6 |       ||     7
 Stab: Sleeping          |     4 |       |       ||     4
  Eat: Chunk             |     3 |    10 |     3 ||    16
